Cogmind - Beta 16.1 @@@ ROGUE MODE // 2026.04.16 @ 22:46:11 Player: SunShine214 Result: Destroyed by SS-56Q(R) with Subdweller Laser Performance ------------- Evolutions (0) 0 Regions Visited (2) 400 Robots Destroyed (33) 165 Value Destroyed (700) 700 Prototype IDs (1) 20 Alien Tech Used (0) 0 Bonus (0) 0 TOTAL SCORE: 1285 Bonus ------- None Cogmind --------- Core Integrity 0/250 Matter 180/300 Energy 64/100 System Corruption 0% Temperature Cool (6) Movement Core (650) Ox12 Location -10/Subcaves Parts ------- > --- POWER (1) -------- (None) > --- PROPULSION (2) --- Improved Flight Unit > --- UTILITY (2) ------ Large Storage Unit Sensor Array > --- WEAPON (2) ------- Subdweller Beam Cannon Subdweller Shrapnel Launcher > --- INVENTORY (15) --- Aluminum Leg Improved Flight Unit Improved Flight Unit Improved Flight Unit Large Storage Unit Signal Interpreter Improved Terrain Scanner Propulsion Shielding Hacking Suite EM Pulse Gun EM Pulse Gun Riot Gun Particle Gun Subdweller Shrapnel Launcher Mining Laser Peak State ------------ > --- POWER ------------ Subdweller Power Source > --- PROPULSION ------- Spiked Treads Improved Flight Unit > --- UTILITY ---------- Large Storage Unit Sensor Array > --- WEAPON ----------- Particle Gun Subdweller Beam Cannon > --- INVENTORY -------- Aluminum Leg Improved Flight Unit Improved Flight Unit Improved Flight Unit Large Storage Unit Signal Interpreter Improved Terrain Scanner Propulsion Shielding Hacking Suite EM Pulse Gun EM Pulse Gun Riot Gun Subdweller Shrapnel Launcher Subdweller Shrapnel Launcher Mining Laser [Rating: 15] Favorites ----------- Power Ion Engine Engine Ion Engine Propulsion Light Treads Treads Light Treads Flight Unit Improved Flight Unit Utility Large Storage Unit Device Improved Terrain Scanner Storage Large Storage Unit Weapon Particle Gun Energy Gun Particle Gun Energy Cannon Subdweller Beam Cannon Launcher Grenade Launcher Special Weapon Mining Laser Build | -11 -10 -10 ------- Run | Yrd Mat Sub Slots Evolved . | . . . Power . | . . . Propulsion . | . . . Utility . | . . . Weapon . | . . . Parts Attached 22 | 7 6 9 Power 3 | 1 1 1 Engine 3 | 1 1 1 Core . | . . . Reactor . | . . . Propulsion 5 | 2 . 3 Treads 3 | 2 . 1 Leg . | . . . Wheel . | . . . Hover . | . . . Flight 2 | . . 2 Utility 5 | 2 2 1 Device 2 | 1 . 1 Storage 3 | 1 2 . Processor . | . . . Hackware . | . . . Protection . | . . . Artifact . | . . . Weapon 9 | 2 3 4 Energy Gun 5 | 2 1 2 Energy Cannon 1 | . . 1 Ballistic Gun . | . . . Ballistic Cannon . | . . . Launcher 2 | . 1 1 Special Weapon 1 | . 1 . Impact Weapon . | . . . Slashing Weapon . | . . . Piercing Weapon . | . . . Special Melee Weapon . | . . . Unidentified Prototypes 1 | . . 1 Parts Lost 7 | . 1 6 Power 2 | . 1 1 Propulsion 3 | . . 3 Utility . | . . . Weapon 2 | . . 2 Highest Loss Streak 3 | . 1 3 To Critical Strikes . | . . . Average Backups 11 | . 9 14 Power . | . . . Propulsion 3 | . 2 4 Utility 3 | . 2 5 Weapon 4 | . 4 5 Tool/Special . | . . . Unused Backups 10 | . 1 9 Power . | . . . Propulsion 4 | . 1 3 Utility 3 | . . 3 Weapon 3 | . . 3 Tool/Special . | . . . Average Slot Usage (%) 91 | . 94 89 Engine 7 | . 8 6 Treads 22 | . 28 17 Flight 4 | . . 9 Device 14 | . 14 14 Storage 14 | . 14 14 Energy Gun 15 | . 19 10 Energy Cannon 4 | . . 8 Launcher 7 | . 7 8 Peak Build Rating 15 | 9 12 15 Average Rating 10 | 6 10 11 On Entrance 7 | . 9 12 Avg Prop Armor Cover (%) 1 | . . 1 Naked Turns . | . . . Heaviest Build 37 | 15 32 37 Greatest Support 40 | 40 40 40 Greatest Overweight (x) 2 | . . 2 Average Overweight (x) . | . . . Largest Inventory Capacity 15 | 8 15 15 Average Capacity 14 | 7 14 15 Most Carried 15 | 1 15 15 Average Carried 11 | . 9 14 Final Capacity 15 | 8 15 15 Final Carried 15 | 1 15 15 Class Distribution -------------------- 100% | Mutant Dominant Class ---------------- Mutant | -10/Materials Mutant | -10/Subcaves Resources | -11 -10 -10 ----------- Run | Yrd Mat Sub Matter Collected 595 | 270 122 203 Remotely . | . . . Salvage Created 854 | 131 493 230 Parts 52 | 10 32 10 Haulers Intercepted 1 | . 1 . Recyclers Shooed 2 | 2 . . Parts Field Recycled . | . . . Retrieved Matter . | . . . Parts Self-Destructed 6 | . . 6 Prevented . | . . . Parts Restored . | . . . Kills | -11 -10 -10 ------- Run | Yrd Mat Sub Combat Hostiles Destroyed 22 | . 15 7 Guns 8 | . 5 3 AOE 14 | . 10 4 Classes Destroyed 9 | 2 6 1 Worker 2 | . 2 . Builder 1 | . 1 . Tunneler 2 | 2 . . Hauler 1 | . 1 . Recycler 2 | 1 1 . Operator 3 | . 3 . Swarmer 9 | . 9 . Grunt 6 | . 6 . Subdweller 7 | . . 7 Best Kill Streak 4 | 2 4 2 Combat Bots Only 3 | . 3 2 Max Kills in Single Turn 2 | 1 2 1 Gunslinging . | . . . Exploded 2 | . 2 1 Melee . | . . . Uniques/NPCs Destroyed . | . . . Combat | -11 -10 -10 -------- Run | Yrd Mat Sub Hostile Shots Fired 70 | . 31 39 Missed 20 | . 9 11 Hits 50 | . 22 28 Projectile 50 | . 22 28 AOE 5 | . . 5 Critical Strikes 3 | . 2 1 Damage Taken 1180 | . 295 885 Core 267 | . 61 206 Absorbed by Shields . | . . . Core Remaining (%) 100 | 100 . . Volleys Fired 64 | 5 31 28 Largest 2 | 2 2 2 Hottest 150 | 90 150 140 Shots Fired 126 | 10 62 54 Gun 94 | 10 51 33 Cannon 8 | . . 8 Launcher 21 | . 10 11 Special 3 | . 1 2 Kinetic 8 | . . 8 Thermal 65 | 5 32 28 Explosive 13 | . 10 3 Electromagnetic 40 | 5 20 15 Robot Hit Streak 10 | 2 10 9 Robot Miss Streak 3 | 2 3 2 Penetration Max . | . . . Secondary Targets 2 | . 1 1 Max Gunslinging Chain 1 | . 1 1 Shots Hit Robots 76 | 6 34 36 Core Hits 45 | 4 27 14 Critical Kills . | . . . Critical Parts Destroyed . | . . . Critical Strikes 3 | 1 1 1 Burn 2 | . 1 1 Corrupt 1 | 1 . . Melee Attacks . | . . . Impact . | . . . Slashing . | . . . Piercing . | . . . Sneak Attacks . | . . . Combat Hostiles . | . . . Follow-up Attacks . | . . . Damage Inflicted 2181 | 76 1006 1099 Guns 818 | 76 412 330 Cannons 111 | . . 111 Explosions 1251 | . 593 658 Melee . | . . . Ramming 1 | . 1 . Kinetic 412 | . . 412 Thermal 622 | 38 265 319 Explosive 811 | . 565 246 Electromagnetic 335 | 38 175 122 Impact . | . . . Slashing . | . . . Piercing . | . . . Highest Corruption . | . . . Average Corruption . | . . . Corruption Purged . | . . . Corruption Blocked . | . . . Overload Shots . | . . . Overflow Damage 59 | . 31 28 Projectiles . | . . . Explosions 59 | . 31 28 Melee . | . . . Knockbacks . | . . . Impact . | . . . Kinetic . | . . . Secondary . | . . . Self-Inflicted Damage 26 | . 26 . Shots 1 | . 1 . Rammed 1 | . 1 . Targets Rammed 2 | . 2 . Kicked . | . . . Crushed 1 | . 1 . Highest Temperature 294 | 60 294 264 Average Temperature 74 | 23 77 123 Received Heat Transfer 422 | . 120 302 Siege Activations . | . . . Martial Activations . | . . . Shielding Activations . | . . . Robots Disrupted . | . . . Combat Hostiles . | . . . Robots Corrupted . | . . . Combat Hostiles . | . . . Parts Fried . | . . . Impact Corruptions . | . . . Robots Melted . | . . . Combat Hostiles . | . . . Parts Melted 6 | . 5 1 Heat Transferred 1604 | 111 790 703 Parts Sabotaged . | . . . Parts Stolen . | . . . Parts Stripped . | . . . Power Chain Reactions 1 | . 1 . Alert | -11 -10 -10 ------- Run | Yrd Mat Sub Maximum Alert Level 1 | . 1 . Low Security (%) 98 | 100 97 . Level 1 1 | . 2 . Level 2 . | . . . Level 3 . | . . . Level 4 . | . . . Level 5 . | . . . High Security . | . . . Max Security . | . . . Peak Influence 211 | 5 211 . Initial . | . . . Average 100 | 1 111 . Influence Increases 546 | 15 531 . Destroy 0b10 Robot/C 300 | . 300 . Destroy 0b10 Robot/NC 55 | 15 40 . Destroy Leader 62 | . 62 . Successful Hack 23 | . 23 . Disable Machine 45 | . 45 . Destroy Structure 46 | . 46 . Lose Combat Pursuer 15 | . 15 . Influence Decreases 546 | 15 397 134 Entered New Map 65 | . . 65 Time Decay 471 | 15 387 69 Lost Part 10 | . 10 . Squads Dispatched 2 | . 2 . Investigation . | . . . Extermination . | . . . Reinforcement 2 | . 2 . Assault . | . . . Garrison . | . . . Intercept . | . . . Searches Triggered . | . . . Construction Impeded . | . . . Haulers Reinforced . | . . . Active Scanning Responses . | . . . Cargo Convoy Interrupts . | . . . Stealth | -11 -10 -10 --------- Run | Yrd Mat Sub Distress Signals 2 | . 2 . Communications Jammed . | . . . Distress Signals . | . . . Times Spotted 36 | . 28 8 Peak Tracking Total 4 | . 4 2 Tactical Retreats 1 | . 1 . Traps | -11 -10 -10 ------- Run | Yrd Mat Sub Traps Triggered 3 | . 1 2 Indirectly . | . . . Trap Hack Attempts . | . . . Triggered . | . . . Disarmed . | . . . Reprogrammed . | . . . Reused . | . . . Traps Extracted . | . . . Installed . | . . . Triggered . | . . . Machines | -11 -10 -10 ---------- Run | Yrd Mat Sub Machines Disabled 3 | . 3 . Max in Single Turn 1 | . 1 . Machines Repaired . | . . . Machines Dismantled . | . . . Machines Sabotaged . | . . . Overloaded Fab Kills . | . . . Hacking | -11 -10 -10 --------- Run | Yrd Mat Sub Machines Accessed 6 | . 6 . Terminals 5 | . 5 . Fabricators . | . . . Repair Stations . | . . . Recycling Units 1 | . 1 . Scanalyzers . | . . . Garrison Access . | . . . Total Hacks 10 | . 10 . Successful 5 | . 5 . Failed 5 | . 5 . Catastrophic 2 | . 2 . Database Lockouts . | . . . Manual 4 | . 4 . Terminals 8 | . 8 . Fabricators . | . . . Repair Stations . | . . . Recycling Units 2 | . 2 . Scanalyzers . | . . . Garrison Access . | . . . Terminal Hacks 4 | . 4 . Registered Components 1 | . 1 . Registered Prototypes 1 | . 1 . Zone Layout 2 | . 2 . Fabricator Hacks . | . . . Repair Station Hacks . | . . . Recycling Unit Hacks 1 | . 1 . Retrieve Components 1 | . 1 . Scanalyzer . | . . . Garrison Access Hacks . | . . . Unauthorized Hacks . | . . . Terminals . | . . . Fabricators . | . . . Repair Stations . | . . . Recycling Units . | . . . Scanalyzers . | . . . Garrison Access . | . . . Data Cores Recovered 1 | . 1 . Used . | . . . Hacking Detections 3 | . 3 . Full Trace Events . | . . . Feedback Events . | . . . Feedback Blocked . | . . . Robot Schematics Acquired . | . . . Robots Built . | . . . Authchips . | . . . Time . | . . . Total Robot Build Rating . | . . . Part Schematics Acquired . | . . . Parts Built . | . . . Authchips . | . . . Time . | . . . Total Part Build Rating . | . . . Part Studies Acquired . | . . . Parts Repaired . | . . . Time . | . . . Parts Recycled . | . . . Recycled Matter . | . . . Retrieved Matter . | . . . Retrieved Components 1 | . 1 . Parts Scanalyzed . | . . . Part Schematics Acquired . | . . . Parts Damaged . | . . . Bothacking | -11 -10 -10 ------------ Run | Yrd Mat Sub Used RIF Installer . | . . . Robots Hacked . | . . . Non-combat . | . . . Combat . | . . . Robot Hacks Applied . | . . . Relay Couplers Released . | . . . Fabnet Peak Effective % . | . . . Robots Rewired . | . . . Allies Hacked . | . . . Hacks Repelled . | . . . Allies | -11 -10 -10 -------- Run | Yrd Mat Sub Total Allies . | . . . Largest Group . | . . . Highest-Rated Group . | . . . Highest-Rated Ally . | . . . Total Orders . | . . . Ally Attacks . | . . . Total Damage . | . . . Kills . | . . . Allies Corrupted . | . . . Allies Melted . | . . . Intel | -11 -10 -10 ------- Run | Yrd Mat Sub Active Infowar (turns) 2363 | 58 1124 1181 Sensors 1165 | . . 1165 Terrain 1198 | 58 1124 16 Robot Analysis Total . | . . . Derelict Logs Recovered 3 | . . 3 Drone Launches . | . . . Drone Recoveries . | . . . Exploration | -11 -10 -10 ------------- Run | Yrd Mat Sub Turns Passed 2431 | 126 1124 1181 Spaces Moved 1156 | 64 602 490 Core 2 | 2 . . Treads 1140 | 62 602 476 Legs . | . . . Wheels . | . . . Hover . | . . . Flight 14 | . . 14 Fastest Speed 50 | 50 160 160 Average Speed 184 | 156 160 218 Slowest Speed 260 | 160 160 260 Overloaded Moves . | . . . Propulsion Burnouts . | . . . Robots Hopped . | . . . Potential Cave-ins . | . . . Cave-ins Triggered . | . . . Exploration Rate (%) 45 | 5 90 41 Regions Visited 2 Branch Regions 1 Pre-discovered Areas 2 | . . 2 Known Exits Taken . | . . . Unknown Exits Taken 2 | 1 1 . Scrap Searched 6 | . . 6 Spaces Dug 5 | . 5 . Terrain Destroyed 156 | . 50 106 Melee . | . . . Projectile 1 | . . 1 AOE 155 | . 50 105 Terrain Rammed . | . . . Walls Destroyed . | . . . Machines Disabled . | . . . Actions | -11 -10 -10 --------- Run | Yrd Mat Sub Total 1315 | 76 696 543 Wait 42 | . 35 7 Move 1154 | 63 601 490 Hop . | . . . Pick Up 20 | 1 15 4 Fast Attach 10 | 7 1 2 Attach 4 | . . 4 Detach 1 | . . 1 Swap 12 | . 7 5 Drop 6 | . 4 2 Fire 64 | 5 31 28 Melee . | . . . Ram . | . . . Kick . | . . . Crush 2 | . 2 . Escape Stasis . | . . . Rewire . | . . . Trap . | . . . Miscellaneous . | . . . Route ------- -11/Scrapyard -10/Materials (discovered 4 exits: [*Mat x2] / [*Min] / [*Sub]) -10/Subcaves (discovered 1 exit: Rec) History --------- Turn | Location | Event 7 | -11/Scrapyard | Discovered new exit (range 15) 127 | -11/Scrapyard | Entered Materials 248 | -10/Materials | Discovered new exit (range 7) 305 | -10/Materials | Build established: Mutant 352 | -10/Materials | Discovered new exit (range 15) 564 | -10/Materials | Discovered new exit (range 4) 717 | -10/Materials | Discovered new exit (range 16) 1251 | -10/Materials | Entered Subcaves 1341 | -10/Subcaves | Learned location of Zion (-7) 1352 | -10/Subcaves | Identified exit to Recycling 1422 | -10/Subcaves | Shifting Twisted Machinery released Sub. Power Source 1422 | -10/Subcaves | Shifting Twisted Machinery released Sub. Machine Gun 1659 | -10/Subcaves | Core integrity fell below 50% 1714 | -10/Subcaves | Lost 3 parts (1p1n1w) 1722 | -10/Subcaves | Core integrity fell below 20% 2432 | -10/Subcaves | Destroyed by SS-56Q(R) with Subdweller Laser Last Messages --------------- 01821_ Subatomizers dissect the Battle Rifle. 01860_ Acquired Sub. Power Source. 01984_ Sub. Power Source shoots sparks and powers down. 01984_ Dropped Broken Sub. Power Source. 02053_ 6Z-72X(R) destroyed. 02053_ Destroyed Sub. Optics. 02056_ NL-EZE(R) destroyed. 02060_ Subatomizers dissect the Sub. Monowheel. 02078_ Acquired 43 matter. 02127_ Triggered Shrapnel Trap. 02127_ An expanding cloud of shrapnel blasts out in all directions. 02224_ Z1-YDY(u) tweaks Twisted Machinery. 02343_ Critical hit (Meltdown: +260). 02344_ Sub. Optics melted. 02344_ W9-5RA(R) destroyed. 02367_ Acquired 12 matter. 02430_ Spk. Treads destroyed. Map ----- +----------------------------------------------------+ | | | | | ?????????????????????????????????????????????????? | | ?????????????????????????????????????????????????? | | ?????????????????????????????????????????????????? | | ?????????????????????????????????????????????????? | | ?????????????????????????????????????????????????? | | ?????????????????????????????????????????????????? | | ?????????????????????????????????????????????????? | | ?????????????????????????????????????????????????? | | ?????????????????????????????????????????????????? | | ???????????????????????????? ???????????????????? | | ???????????????????????????? ????????????????? | | ?????????????????????????### ;#??????????????? | | ????????????????????????# ; ??????????????? | | ??????????????####?????? ???????????????? | | #?????????#####""##????? ?? ?????????????? | | ##???######""" ""##???? ##